 Dungeon Crawl Stone Soup version 0.30.0-29-ga12c61a403 (webtiles) character file.

Game seed: 3196514997053048893

26439 monsoonserge the Carver (level 13, -3/116 HPs)
             Began as a Meteoran Gladiator on June 21, 2023.
             Was the Champion of Dithmenos.
             Slain by a yak (12 damage)
             ... on level 3 of the Lair of Beasts.
             The game lasted 01:17:00 (7412 turns).

monsoonserge the Carver (Meteoran Gladiator)        Turns: 7412, Time: 01:17:00

Health: -3/116     AC: 21    Str: 19    XL:     13   Next: 96%
Magic:  26/26      EV: 17    Int: 14    God:    Dithmenos [******]
Gold:   424        SH:  0    Dex: 20    Spells: 12/12 levels left

rFire   . . .        b - +2 falchion (holy)
rCold   . . .        (no shield)
rNeg    . . .        p - +4 ring mail of Inviolability {Rampage Will++ Str+3}
rPois   .            c - +0 helmet
rElec   .            y - +0 cloak
rCorr   .            (no gloves)
SInv    .            L - +2 pair of boots
Will    +....        (no amulet)
Stlth   +            O - +4 ring of protection
HPRegen 0.39/turn    U - ring "Kuulluso" {MP+9 Int+3 Slay+5}
MPRegen 0.20/turn

%: rampage
@: weak-willed, glowing
A: sense surroundings 2, otherworldly, glowing, explore regen
a: Renounce Religion, Shadow Step, Shadow Form


You were on level 3 of the Lair of Beasts.
You worshipped Dithmenos.
Dithmenos was exalted by your worship.
You visited 3 branches of the dungeon, and saw 15 of its levels.
You also visited: Bailey.

You collected 619 gold pieces.
You spent 195 gold pieces at shops.

Inventory:

Hand Weapons
 a - a +0 shortbow
 b - a +2 falchion of holy wrath (weapon)
 G - a +0 dagger of speed
 M - a +2 dagger of draining
 N - a +1 short sword of speed
 R - a +0 sling
Missiles
 e - 16 javelins
 s - 11 boomerangs (quivered)
 t - 5 throwing nets
 J - 44 poisoned darts
Armour
 c - a +0 helmet (worn)
 o - a +0 ring mail of willpower
 p - the +4 ring mail of Inviolability (worn) {Rampage Will++ Str+3}
   (You took it off a gnoll on level 2 of the Dungeon)

   Str:       It affects your strength (+3).
   Rampage:   It bestows one free step when moving towards enemies.
   Will:      It greatly increases your willpower.
 q - a +2 leather armour of positive energy
 v - a +1 plate armour of poison resistance
 x - a +3 plate armour
 y - a +0 cloak (worn)
 D - the +0 ring mail "Woucish" {rPois Str+3}
   (You found it on level 4 of the Dungeon)

   Str:       It affects your strength (+3).
   rPois:     It protects you from poison.
 L - a +2 pair of boots (worn)
 P - a scarf of harm
Jewellery
 r - a +6 ring of strength
 O - a +4 ring of protection (left hand)
 U - the ring "Kuulluso" (right hand) {MP+9 Int+3 Slay+5}
   (You found it on level 7 of the Dungeon)

   [ring of magical power]

   Int:       It affects your intelligence (+3).
   Slay:      It affects your accuracy & damage with ranged weapons and melee
   (+5).
   MP:        It affects your magic capacity (+9).
Wands
 z - a wand of roots (3)
 Q - a wand of flame (11)
Scrolls
 f - 14 scrolls of identify {unknown}
 i - a scroll of blinking {unknown}
 j - 4 scrolls of enchant armour
 k - 3 scrolls of teleportation
 l - 5 scrolls of magic mapping {unknown}
 m - a scroll of butterflies {unknown}
 n - a scroll of amnesia {unknown}
 u - 2 scrolls of vulnerability
 C - 2 scrolls of fog {unknown}
 F - 3 scrolls of poison {unknown}
 I - 3 scrolls of noise {unknown}
 K - 4 scrolls of immolation {unknown}
 S - 2 scrolls of torment {unknown}
 T - a scroll of enchant weapon {unknown}
 V - a scroll of silence {unknown}
 Y - a scroll of brand weapon {unknown}
Potions
 g - 6 potions of curing
 h - 5 potions of heal wounds
 w - 4 potions of attraction
 E - a potion of resistance {unknown}
 H - a potion of might {unknown}
 W - 2 potions of cancellation
 Z - a potion of mutation {unknown}
Miscellaneous
 B - a phantom mirror (inert)


   Skills:
 + Level 11.3 Fighting
 + Level 14.5 Long Blades
 + Level 11.3 Ranged Weapons
 + Level 3.8 Throwing
 + Level 9.1 Armour
 + Level 9.4 Dodging
 + Level 0.8 Stealth
 + Level 4.0 Invocations
 + Level 4.5 Evocations


You had 12 spell levels left.
You didn't know any spells.
Your spell library contained the following spells:

 Spells                   Type           Power      Damage    Failure   Level
 Apportation              Tloc           0%         N/A       41%         1
 Magic Dart               Conj           0%         1d3       41%         1
 Necrotise                Necr           0%         1d4       41%         1
 Summon Small Mammal      Summ           0%         N/A       41%         1
 Poisonous Vapours        Pois/Air       0%         N/A       56%         2
 Mephitic Cloud           Conj/Pois/Air  0%         N/A       80%         3
 Freezing Cloud           Conj/Ice/Air   0%         6-21      100%        5


Dungeon Overview and Level Annotations

Branches:
Dungeon (10/15) Zot: 462   Temple (0/1) D:4            Lair (4/5) D:10 Zot: 1293
 Shoals (1/4) Lair:3 Zot: 594  Spider (0/4) Lair:3          Orc (0/2) D:10
 Bailey (visited)
  Slime: Lair:4-5

Altars:
Cheibriados
Dithmenos
Kikubaaqudgha
Makhleb
Nemelex Xobeh
Okawaru
Qazlal
Sif Muna
Trog
Uskayaw
Vehumet
Xom
The Shining One

Shops:
D:10 !!


Innate Abilities, Weirdness & Mutations

You passively map the area around you.
You are easily found by Zot.
You glow in the dark.
You regain HP and MP as you explore.


Message History

The catoblepas is moderately wounded.
Your shadow hits the catoblepas but does no damage.
The yak is engulfed in calcifying dust.
The yak stops moving altogether!
The catoblepas gores you.
You have turned to stone.
The yak is engulfed in calcifying dust.
The yak gores the plant.
The plant begins to die.
The catoblepas gores you but does no damage.
The yak gores the plant!
The yak is engulfed in calcifying dust.
The catoblepas breathes a plume of calcifying dust at you.
The blast of calcifying dust hits you but does no damage.
You are engulfed in calcifying dust.
The yak gores the plant!
The catoblepas gores you but does no damage.
You are engulfed in calcifying dust.
The yak gores you but does no damage.
The yak gores the plant!
The catoblepas gores you.
You are engulfed in calcifying dust.
A nearby plant withers and dies.
The yak gores you but does no damage. The catoblepas gores you!!
* * * LOW HITPOINT WARNING * * *
The yak gores you!
* * * LOW HITPOINT WARNING * * *
The yak gores you.
* * * LOW HITPOINT WARNING * * *
The catoblepas gores you but does no damage.
The yak is engulfed in calcifying dust.
The yak is moving more slowly.
The yak gores you but does no damage. x2; The yak gores you.
* * * LOW HITPOINT WARNING * * *
The yak gores you!
* * * LOW HITPOINT WARNING * * *
The catoblepas gores you!
* * * LOW HITPOINT WARNING * * *
The yak gores you but does no damage. The yak gores you.
* * * LOW HITPOINT WARNING * * *
The yak gores you but does no damage. x2; The catoblepas gores you!
* * * LOW HITPOINT WARNING * * *
You turn to flesh and can move again.
Okay, then.
Okay, then.
As you read the scroll labelled UHUOJA ARUFA, it crumbles to dust.
Magic quickly surges around you.
It was a scroll of vulnerability.
The yak completely misses you. The yak gores you!
You die...

P..###......P...##
.................#
P............#..#
.......<........# *##
.............†..#######.###
.................#..P.....#
.(.................P....P.##
#P..##.#.......YYY...P..PP.###
##..#..#......)Y@PP.....P.P.P#
........).....)YYP.PP.P.P.P.#
...#P.###.#P.#).......P.PP..##
, ... ..............>.....P.#
............P......PP.##
.................P....P#
,#P..#...P....P.P.......# * *
,............PP....P....P#
.,#..#..##.....P..P.P....##


You could see a catoblepas (weak-willed) and 5 yaks.

Vanquished Creatures
  Fannar (Lair:2)
  Erolcha (D:10)
  3 hydras
  A two-headed ogre (D:10)
  A boulder beetle (D:10)
  Nergalle (D:10)
  A sea snake (Lair:3)
  A lindwurm (Lair:3)
  2 black mambas
  An elephant (D:10)
  A gargoyle (D:10)
  2 cane toads
  4 komodo dragons
  2 rime drakes
  A hornet (D:7)
  Grinder (D:3)
  5 blink frogs (Lair:1)
  A culicivora (Lair:3)
  7 wyverns
  4 basilisks
  42 yaks
  A steam dragon (D:9)
  An acid dragon (D:8)
  Duvessa (D:7)
  6 water moccasins
  2 ice beasts
  A sky beast (D:7)
  A black bear (D:4)
  16 orc warriors
  An ogre (D:7)
  4 wolves (Lair:1)
  16 centaurs
  A phantom (D:6)
  6 kobold brigands
  6 bullfrogs
  4 scorpions
  A wight (D:5)
  Dowan (D:7)
  5 killer bees (D:6)
  4 howler monkeys
  3 hounds
  8 orc priests
  Crazy Yiuf (D:4)
  A gnoll bouda (D:5)
  2 sleepcaps (D:7)
  2 iguanas
  10 orc wizards
  Natasha (twice) (D:3)
  4 adders
  12 gnolls
  2 shadow imps
  4 white imps (D:6)
  2 ufetubi (D:5)
  2 worms
  7 dart slugs
  61 orcs
  4 ball pythons
  4 bats
  5 endoplasms
  2 giant cockroaches
  7 hobgoblins
  4 jackals (D:2)
  A quokka (D:4)
  5 goblins
  32 kobolds
  5 rats
353 creatures vanquished.

Vanquished Creatures (collateral kills)
  A hydra (Lair:1)
  A black mamba (Lair:1)
2 creatures vanquished.

Vanquished Creatures (others)
  5 dream sheep (D:4)
  A sky beast (D:6)
6 creatures vanquished.

Grand Total: 361 creatures vanquished

Notes
Turn   | Place    | Note
-------+----------+-------------------------------------------
     0 | D:1      | monsoonserge the Meteoran Gladiator began the quest for the
                  | Orb.
     0 | D:1      | Reached XP level 1. HP: 17/17 MP: 2/2
   194 | D:1      | Reached XP level 2. HP: 18/25 MP: 3/3
   201 | D:1      | Reached skill level 4 in Long Blades
   303 | D:1      | Reached XP level 3. HP: 22/30 MP: 4/4
   804 | D:2      | Reached XP level 4. HP: 33/37 MP: 5/5
   822 | D:2      | Found a faded altar of an unknown god.
   839 | D:2      | Prayed at the altar of an unknown god.
   839 | D:2      | Became a worshipper of Dithmenos the Shadowed
   839 | D:2      | Reached * piety under Dithmenos
   903 | D:2      | Reached skill level 1 in Armour
   978 | D:2      | Identified the +4 ring mail of Inviolability {Rampage
                  | Will++ Str+3}
   987 | D:2      | Reached skill level 1 in Ranged Weapons
  1062 | D:3      | Noticed Natasha
  1069 | D:3      | Killed Natasha
  1070 | D:3      | Reached XP level 5. HP: 41/44 MP: 6/6
  1096 | D:3      | Found a hide-covered altar of Uskayaw.
  1096 | D:3      | Found a stormy altar of Qazlal.
  1097 | D:3      | Found an iron altar of Okawaru.
  1097 | D:3      | Found a bloodstained altar of Trog.
  1097 | D:3      | Found a glowing golden altar of the Shining One.
  1097 | D:3      | Found a burning altar of Makhleb.
  1252 | D:3      | Noticed Grinder
  1285 | D:3      | Killed Grinder
  1286 | D:3      | Reached skill level 5 in Long Blades
  1286 | D:3      | Reached XP level 6. HP: 26/51 MP: 7/7
  1429 | D:3      | Noticed Natasha
  1433 | D:3      | Killed Natasha
  1434 | D:3      | Reached XP level 7. HP: 57/57 MP: 8/8
  1467 | D:3      | Reached ** piety under Dithmenos
  1596 | D:4      | Found a staircase to the Ecumenical Temple.
  1713 | D:4      | Found a runed translucent door.
  1714 | D:4      | Noticed Crazy Yiuf
  1724 | D:4      | Killed Crazy Yiuf
  1946 | D:4      | Identified the +0 ring mail "Woucish" {rPois Str+3}
  1979 | D:4      | Noticed a dream sheep
  1979 | D:4      | Noticed a dream sheep
  1979 | D:4      | Noticed a dream sheep
  1979 | D:4      | Noticed a dream sheep
  1979 | D:4      | Noticed a dream sheep
  1979 | D:4      | Found a shimmering altar of Xom.
  1982 | D:4      | Killed a dream sheep
  1982 | D:4      | Killed a dream sheep
  1982 | D:4      | Killed a dream sheep
  1982 | D:4      | Killed a dream sheep
  1982 | D:4      | Killed a dream sheep
  2027 | D:4      | Reached skill level 6 in Long Blades
  2027 | D:4      | Reached skill level 1 in Invocations
  2180 | D:5      | Entered Level 5 of the Dungeon
  2259 | D:5      | Reached XP level 8. HP: 66/66 MP: 8/10
  2280 | D:5      | Reached skill level 5 in Dodging
  2550 | D:6      | Reached skill level 5 in Armour
  2587 | D:5      | Identified the +6 spear of Wuleicig {antimagic, Int+3}
  2729 | D:6      | Reached skill level 7 in Long Blades
  2748 | D:5      | Reached *** piety under Dithmenos
  2756 | D:5      | Gained mutation: You passively map the area around you.
                  | [Meteoran growth]
  2756 | D:5      | Reached XP level 9. HP: 22/72 MP: 11/11
  2849 | D:5      | Found a snail-covered altar of Cheibriados.
  2918 | D:5      | Reached skill level 5 in Fighting
  3402 | D:6      | Reached skill level 8 in Long Blades
  3434 | D:6      | Reached **** piety under Dithmenos
  3461 | D:6      | Glimpsed the power of Zot.
  3518 | D:7      | Found an ancient bone altar of Kikubaaqudgha.
  3522 | D:7      | Found a shimmering blue altar of Sif Muna.
  3524 | D:7      | Found a radiant altar of Vehumet.
  3529 | D:7      | Got Vehumet's Secrets of Concussion
  3752 | D:7      | Reached skill level 9 in Long Blades
  3774 | D:7      | Reached XP level 10. HP: 83/83 MP: 12/12
  3885 | D:7      | Paralysed by a hornet for 3 turns
  3894 | D:7      | Paralysed by a hornet for 3 turns
  3915 | D:7      | Noticed Dowan
  3917 | D:7      | Noticed Duvessa
  3936 | D:7      | Killed Duvessa
  3937 | D:7      | Reached skill level 5 in Ranged Weapons
  3946 | D:7      | Killed Dowan
  4019 | D:7      | Identified the ring "Kuulluso" {MP+9 Int+3 Slay+5}
  4080 | D:7      | Reached skill level 10 in Long Blades
  4442 | D:8      | Found a sparkling altar of Nemelex Xobeh.
  4446 | D:8      | Reached ***** piety under Dithmenos
  4710 | D:9      | Reached skill level 11 in Long Blades
  4825 | D:9      | Reached XP level 11. HP: 90/91 MP: 13/13
  4955 | D:10     | Entered Level 10 of the Dungeon
  4957 | D:10     | Noticed Erolcha
  4968 | D:10     | Killed Erolcha
  4969 | D:10     | Reached skill level 12 in Long Blades
  4997 | D:10     | Found a staircase to the Orcish Mines.
  5086 | D:10     | Found a flagged portal.
  5100 | Bailey   | Entered a bailey
  5582 | Bailey   | Glimpsed the power of Zot.
  5632 | Bailey   | Glimpsed the power of Zot.
  5672 | Bailey   | Glimpsed the power of Zot.
  5742 | D:10     | Noticed a two-headed ogre
  5752 | D:10     | Killed a two-headed ogre
  5753 | D:10     | Reached skill level 1 in Evocations
  5753 | D:10     | Reached XP level 12. HP: 95/103 MP: 16/16
  5788 | D:10     | Found Getaceokes's Distillery.
  5791 | D:10     | Bought a potion of heal wounds for 65 gold pieces
  5804 | D:10     | Found a staircase to the Lair.
  5918 | D:10     | Noticed a boulder beetle
  5924 | D:10     | Noticed Nergalle
  5946 | D:10     | Killed Nergalle
  5961 | D:10     | Killed a boulder beetle
  6104 | D:10     | Found Goagruv's Distillery.
  6112 | D:10     | Bought a potion of heal wounds for 65 gold pieces
  6112 | D:10     | Bought a potion of berserk rage for 65 gold pieces
  6169 | Lair:1   | Entered Level 1 of the Lair of Beasts
  6383 | Lair:1   | Noticed a five-headed hydra
  6390 | Lair:1   | Killed a five-headed hydra
  6391 | Lair:1   | Reached skill level 13 in Long Blades
  6455 | Lair:2   | Noticed a seven-headed hydra
  6599 | Lair:1   | Reached XP level 13. HP: 59/113 MP: 17/17
  6604 | Lair:1   | Reached skill level 10 in Fighting
  6619 | Lair:1   | Reached ****** piety under Dithmenos
  6778 | Lair:2   | Killed a seven-headed hydra
  6808 | Lair:2   | Noticed Fannar
  6820 | Lair:2   | Killed Fannar
  6821 | Lair:2   | Reached skill level 10 in Ranged Weapons
  6906 | Lair:2   | Reached skill level 14 in Long Blades
  7036 | Lair:3   | Found a staircase to the Shoals.
  7059 | Lair:3   | Noticed a five-headed hydra
  7068 | Lair:3   | Killed a five-headed hydra
  7084 | Lair:3   | Noticed a six-headed hydra
  7093 | Lair:3   | Killed a six-headed hydra
  7105 | Lair:3   | Found a hole to the Spider Nest.
  7215 | Lair:3   | Noticed an eight-headed hydra
  7280 | Lair:3   | Noticed a catoblepas
  7322 | Lair:4   | Noticed a death yak
  7338 | Shoals:1 | Entered Level 1 of the Shoals
  7412 | Lair:3   | Slain by a yak

Illustrated notes

Levels and vault maps discovered:
D:1:      pf_arrival_petrified_forest, layout_basic
D:2:      kennysheep_big_flooded_room, layout_basic,
          shapermc_ecumenical_altar_starsandcircs
D:3:      minmay_wonky_spiral, layout_loops_corners, grunt_temple_overflow_open,
          uniq_natasha, uniq_grinder
D:4:      layout_basic, kb_xom_exploding_sheep, temple_pool_b,
          serial_bayou_pond_e, minmay_fountain_box, uniq_crazy_yiuf_cottage
D:5:      layout_cave_pods, marbit_many_paths
D:6:      layout_basic
D:7:      layout_basic, grunt_temple_overflow_magic_moments, serial_aquarium,
          aquarium_bridge_square [aquarium_subvault_bridge,
          aquarium_subvault_window, aquarium_subvault_bridge,
          aquarium_subvault_window], aquarium_bridge_long_joined
          [aquarium_subvault_bridge, aquarium_subvault_wall,
          aquarium_subvault_wall, aquarium_subvault_bridge,
          aquarium_subvault_balcony, aquarium_subvault_window],
          aquarium_window_fake, aquarium_window_1, aquarium_window_corridor_2,
          aquarium_view_2f, aquarium_view_2a, aquarium_pool_2,
          hangedman_decor_riveting, kennysheep_generic_room_7, uniq_duvessa
D:8:      layout_rooms, mainiacjoe_overflow_alcove_2
D:9:      layout_roguey
D:10:     layout_loops_ring, david_lair_generic, minmay_orc_entry_temple_small,
          serial_shops, shop, shop, nicolae_shop_real_fake_doors, serial_glass,
          glass_columns_a, glass_columns_c, enter_bailey_7,
          chequers_serial_rivers_room_b, serial_bayou_crossing, uniq_erolcha,
          uniq_nergalle
Lair:1:   layout_cave_pods
Lair:2:   layout_roguey, uniq_fannar
Lair:3:   layout_long_grid, minmay_shoals_entry_centaurs,
          hellmonk_spider_entry_life_and_decay, nicolae_lair_lindhole
Lair:4:   layout_cave_shapes, serial_bayou_shore_a, grunt_megastairs_5,
          uniq_josephine
Shoals:1: layout_shoals, hangedman_shoal_volcano

Skill      XL: |  1  2  3  4  5  6  7  8  9 10 11 12 13 |
---------------+----------------------------------------+-----
Long Blades    | 4 5 6 7 9 11 12 13 14 | 14.5
Dodging        | 4 5 6 7 8 9 |  9.4
Armour         | 1 3 5 6 7 8 9 |  9.1
Ranged Weapons | 1 2 3 4 6 8 9 11 | 11.3
Fighting       | 3 4 6 8 9 11 | 11.3
Invocations    | 2 4 |  4.0
Throwing       | 3 |  3.8
Evocations     | 1 4 |  4.5
Stealth        | |  0.8

Action                     |  1- 3 |  4- 6 |  7- 9 | 10-12 | 13-15 || total
---------------------------+-------+-------+-------+-------+-------++-------
  Melee: Long sword        |    65 |    65 |       |       |       ||   130
         Scimitar          |       |     5 |   417 |    86 |       ||   508
         Punch             |       |       |     1 |     7 |     8 ||    16
         Falchion          |       |       |       |   360 |   234 ||   594
   Fire: Sling             |    15 |    21 |    71 |       |       ||   107
         Shortbow          |       |       |       |   239 |    82 ||   321
  Throw: Throwing net      |       |     4 |       |       |       ||     4
         Boomerang         |       |       |     1 |    11 |     3 ||    15
         Dart              |       |       |       |     3 |     5 ||     8
 Invoke: Shadow Step       |       |       |       |       |     1 ||     1
  Evoke: Wand              |       |       |       |     5 |    10 ||    15
         Phantom mirror    |       |       |       |     2 |     1 ||     3
    Use: Potion            |       |       |     3 |     8 |     3 ||    14
         Scroll            |       |       |       |       |     3 ||     3
   Stab: Petrifying        |       |       |       |       |     1 ||     1
 Armour: Leather armour    |    25 |     8 |       |       |       ||    33
         Ring mail         |       |    18 |   248 |   161 |   136 ||   563
  Dodge: Dodged            |    34 |    34 |   295 |   241 |   156 ||   760
